 Dungeon Crawl Stone Soup version 0.14-a0-2017-g4a4604d (webtiles) character file.

8040 RedPan the Carver (level 11, -2/67 HPs)
             Began as a Gargoyle Fighter on Jan 19, 2014.
             Was an Elder of Okawaru.
             Slain by Psyche
             ... wielding a +4,+1 dagger of distortion
              (14 damage)
             ... on Level 8 of the Dungeon.
             The game lasted 00:51:15 (12942 turns).

RedPan the Carver (Gargoyle Fighter)               Turns: 12942, Time: 00:51:15

HP  -2/67        AC 29     Str 23      XL: 11   Next: 21%
MP   9/11        EV  8     Int  9      God: Okawaru [****..]
Gold 226         SH  0     Dex  9      Spells:  0 memorised, 10 levels left

rFire  . . .     SeeInvis .     J - +0 long sword
rCold  + . .     Clarity  .     D - +2 chain mail {rC+}
rNeg   + . .     Conserve .     (no shield)
rPois  +         rCorr    .     (no helmet)
rElec  +         rRot     +     M - +2 cloak
SustAb . .       Spirit   .     x - +0 pair of elf gloves
rMut   .         Warding  .     i - +0 pair of boots
Saprov . . .     Stasis   .     (no amulet)
MR     +....                    (no ring)
                                w - ring of protection from magic

@: heroism, somewhat resistant to hostile enchantments, extremely unstealthy
A: life protection 1, electricity resistance, unbreathing, petrification
resistance, AC +7
a: Heroism, Renounce Religion


You were on level 8 of the Dungeon.
You worshipped Okawaru.
Okawaru was greatly pleased with you.
You were not hungry.

You visited 2 branches of the dungeon, and saw 9 of its levels.
You also visited: Sewer.

You collected 349 gold pieces.
You spent 123 gold pieces at shops.

Inventory:

Hand weapons
 a - a +1,-3 falchion
 J - a +0,+0 long sword (weapon)
Armour
 i - a +0 pair of boots (worn)
 x - a +0 pair of elven gloves (worn)
 D - a +2 chain mail of cold resistance (worn)
 L - a +0 orcish plate armour
 M - a +2 cloak (worn)
Magical devices
 h - a wand of random effects (10)
 H - a wand of magic darts (1)
 I - a wand of digging (11)
Comestibles
 d - 4 bread rations
 p - 4 meat rations
 N - a chunk of giant cockroach flesh
Scrolls
 f - 2 scrolls of remove curse
 j - 3 scrolls of enchant armour {unknown}
 k - a scroll of immolation {unknown}
 l - 7 scrolls of identify
 m - a scroll of curse jewellery {unknown}
 q - 2 scrolls of teleportation
 s - a scroll of enchant weapon I
 v - a scroll of fear {unknown}
 z - 2 scrolls of fog
 C - a scroll of amnesia {unknown}
 E - 3 scrolls of blinking
 F - 2 scrolls of recharging {unknown}
 G - a scroll of magic mapping {unknown}
Jewellery
 w - a ring of protection from magic (left hand)
Potions
 b - 3 potions of speed
 c - a potion of lignification
 e - 3 potions of magic
 g - a potion of cure mutation
 n - 2 potions of brilliance
 o - 3 potions of restore abilities {unknown}
 r - 3 potions of curing
 t - 2 potions of agility {unknown}
 u - a potion of poison {unknown}
 A - 2 potions of might
 B - a potion of invisibility {unknown}
 K - a potion of paralysis {unknown}


   Skills:
 + Level 7.3(12.3) Fighting
 - Level 12.2(17.2) Long Blades
 * Level 10.0(15.0) Armour
   Level 3.2(8.2) Shields


You had 10 spell levels left.
You didn't know any spells.

Dungeon Overview and Level Annotations

Branches:
Dungeon (8/16)             Temple (1/1) D:4            Lair (0/8) D:8

Altars:
Ashenzari
Cheibriados
Dithmengos
Elyvilon
Fedhas
Kikubaaqudgha
Makhleb
Nemelex Xobeh
Okawaru
Sif Muna
Trog
Vehumet
Xom
Yredelemnul
Zin
the Shining One

Shops:
D:5 %!}(   D:8 /

Annotations:
D:8 Psyche


Innate Abilities, Weirdness & Mutations

You are resistant to torment.
You are immune to poison.
Your stone body is very resilient (AC +7).
You resist negative energy.
You are resistant to electric shocks.
You can survive without breathing.
You are immune to petrification.


Message History

Drink which item? (? for menu, Esc to quit)
You feel better. Psyche barely misses you.
The porcupine bites you but does no damage.
Psyche gestures at you while chanting. The magic dart hits you!
The porcupine bites you but does no damage.
You slash Psyche!
Psyche is severely wounded.
Psyche completely misses you.
You hit Psyche but do no damage.
Psyche is severely wounded.
Psyche gestures at you while chanting. The puff of flame misses you.
The porcupine bites you but does no damage.
Psyche hits you but does no damage. Space bends around you.
* * * LOW HITPOINT WARNING * * *
You closely miss Psyche.
Psyche is severely wounded.
Psyche hits you but does no damage. Space warps horribly around you!
You die...

.....(.....#♣♣...≈≈_≈≈...
...........#♣♣♣..≈≈≈≈≈..♣♣
.8.8......##♣♣♣...≈≈≈...♣♣
⌠.⌠......## ♣♣♣.......♣♣
.∩.8....## ♣♣♣♣.....♣♣♣
⌠......## ♣♣♣♣...♣♣♣
.8.8...# ♣♣♣♣.....♣♣♣
.....#.# ♣♣♣.......♣♣
(...##.# #♣.@.≈≈b...♣#
...###.# ##r@≈≈≈≈≈..##
..## #.# #..r≈♣≈≈..# .##
#.# #..≈≈≈≈≈.. ## #.#
#...≈≈≈... # #.# ##.......
#.# ##..... #.. ...# #


You could see Psyche, a porcupine and a rat.

Vanquished Creatures
  The ghost of M4edhros the Covert, an experienced OpWn (D:6)
  A feature mimic (D:8)
  A spriggan (D:7)
  Grinder (D:5)
  2 basilisks (D:8)
  13 yaks
  A hippogriff (D:7)
  A hungry ghost (D:8)
  Menkaure (D:6)
  2 porcupines (D:8)
  An ice beast (D:4)
  3 orc warriors
  A black bear (D:6)
  A phantom (D:5)
  4 centaurs
  A sky beast (D:8)
  4 ogres
  A warg (D:5)
  Duvessa (D:4)
  2 giant slugs (D:8)
  7 giant frogs
  A wyvern skeleton (D:7)
  A jelly (D:8)
  5 wights (D:7)
  8 crimson imps
  A goliath beetle (D:7)
  Dowan (D:4)
  4 orc priests
  Crazy Yiuf (D:7)
  A giant frog skeleton (D:5)
  3 hounds
  A scorpion (D:7)
  An orc wizard (D:6)
  An iguana (D:8)
  4 worker ants
  Ijyb (D:3)
  Jessica (D:3)
  2 hound skeletons
  A mummy (D:7)
  19 adders
  A giant centipede (D:3)
  7 gnolls
  7 green rats
  4 giant mites (D:3)
  5 worms
  14 grey rats (Sewer)
  An iguana zombie (D:8)
  2 giant eyeballs
  5 giant geckos
  30 orcs
  A bat skeleton (D:5)
  A bat zombie (D:6)
  16 hobgoblins
  9 jackals
  7 quokkas
  14 ball pythons (Sewer)
  9 bats
  7 giant cockroaches
  A giant gecko zombie (D:5)
  9 giant newts
  2 giant spores (D:8)
  17 goblins
  A hobgoblin skeleton (D:6)
  20 kobolds
  22 rats
  2 ballistomycetes (D:8)
321 creatures vanquished.

Vanquished Creatures (others)
  A porcupine (D:8)
  A green rat (D:8)
  A giant spore (D:8)
  A ballistomycete (D:8)
  2 plants (D:8)
6 creatures vanquished.

Grand Total: 327 creatures vanquished

Notes
Turn   | Place    | Note
--------------------------------------------------------------
     0 | D:1      | RedPan, the Gargoyle Fighter, began the quest for the Orb.
     0 | D:1      | Reached XP level 1. HP: 14/14 MP: 1/1
    15 | D:1      | Found a shattered altar of Ashenzari.
   154 | D:1      | Reached XP level 2. HP: 19/19 MP: 2/2
   632 | D:2      | Reached XP level 3. HP: 16/23 MP: 3/3
   980 | D:2      | Reached XP level 4. HP: 20/28 MP: 4/4
  1245 | D:2      | Reached skill level 4 in Long Blades
  2037 | D:3      | Found a shattered altar of Ashenzari.
  2039 | D:3      | Noticed Ijyb
  2059 | D:3      | Killed Ijyb
  2059 | D:3      | Reached XP level 5. HP: 28/32 MP: 5/5
  2093 | D:3      | Found a basalt altar of Yredelemnul.
  2370 | D:3      | Reached skill level 5 in Long Blades
  2445 | D:3      | Found a radiant altar of Vehumet.
  2461 | D:3      | Found a bloodstained altar of Trog.
  2633 | D:3      | Noticed Jessica
  2644 | D:3      | Killed Jessica
  2668 | D:3      | Reached XP level 6. HP: 37/37 MP: 6/6
  2979 | D:3      | Found a glowing drain.
  3022 | Sewer    | Entered a sewer
  3209 | Sewer    | Reached skill level 6 in Long Blades
  3814 | Sewer    | Reached XP level 7. HP: 33/41 MP: 7/7
  3938 | Sewer    | Reached skill level 7 in Long Blades
  4554 | D:4      | Found a staircase to the Ecumenical Temple.
  4620 | Temple   | Entered the Ecumenical Temple
  4626 | Temple   | Became a worshipper of Warmaster Okawaru
  4890 | D:4      | Noticed Dowan
  4891 | D:4      | Noticed Duvessa
  4955 | D:4      | Killed Duvessa
  5077 | D:4      | Killed Dowan
  5077 | D:4      | Reached skill level 8 in Long Blades
  5444 | D:4      | Reached XP level 8. HP: 46/46 MP: 8/8
  5505 | D:5      | Entered Level 5 of the Dungeon
  6302 | D:5      | Found Omufac's Food Shoppe.
  6570 | D:5      | Reached skill level 9 in Long Blades
  7382 | D:5      | Found Trigeunn's Weapon Shoppe.
  7382 | D:5      | Noticed Grinder
  7391 | D:5      | Found Dacim's Distillery.
  7637 | D:5      | Acquired Okawaru's first power
  7659 | D:5      | Found Aqo Lonk's Gadget Shop.
  7706 | D:5      | Bought a +0,+0 long sword for 63 gold pieces
  7740 | D:5      | Paralysed by Grinder for 5 turns
  7748 | D:5      | Paralysed by Grinder for 6 turns
  7767 | D:5      | Killed Grinder
  7767 | D:5      | Reached skill level 10 in Long Blades
  7767 | D:5      | Reached XP level 9. HP: 39/51 MP: 6/9
  7832 | D:5      | Bought a potion of curing for 24 gold pieces
  7832 | D:5      | Bought a potion of heal wounds for 36 gold pieces
  7919 | D:6      | Noticed M4edhros' ghost (experienced OpWn)
  7972 | D:6      | Noticed Menkaure
  7993 | D:6      | Killed Menkaure
  8313 | D:6      | Paralysed by a giant eyeball for 4 turns
  8323 | D:6      | Paralysed by a giant eyeball for 3 turns
  8346 | D:6      | Killed M4edhros' ghost
  8346 | D:6      | Reached skill level 11 in Long Blades
  8592 | D:6      | Found a burning altar of Makhleb.
  9096 | D:7      | Noticed a spriggan baker
  9112 | D:7      | Killed a spriggan baker
  9249 | D:7      | Reached skill level 12 in Long Blades
  9374 | D:7      | Noticed Crazy Yiuf
  9386 | D:7      | Killed Crazy Yiuf
  9930 | D:7      | Reached XP level 10. HP: 40/56 MP: 10/10
 10191 | D:6      | Reached skill level 5 in Armour
 10943 | D:8      | Found Jephac's Magical Wand Shop.
 10979 | D:8      | Reached skill level 5 in Fighting
 11686 | D:8      | Found a staircase to the Lair.
 12132 | D:7      | Reached XP level 11. HP: 16/66 MP: 11/11
 12870 | D:8      | Paralysed by a giant eyeball for 2 turns
 12903 | D:8      | Reached skill level 10 in Armour
 12917 | D:8      | Found a white marble altar of Elyvilon.
 12930 | D:8      | Noticed Psyche
 12942 | D:8      | Slain by Psyche

Action                   |  1- 3 |  4- 6 |  7- 9 | 10-12 || total
-------------------------+-------+-------+-------+-------++-------
Melee: Falchion          |   120 |   573 |   452 |    22 ||  1167
       Long sword        |       |       |   258 |   553 ||   811
Invok: Heroism           |       |       |     6 |     4 ||    10
Evoke: Wand              |       |     1 |    22 |     2 ||    25
  Use: Scroll            |       |     1 |     8 |     4 ||    13
       Potion            |       |     2 |     5 |     2 ||     9
